 Dungeon Crawl Stone Soup version 0.31-a0-1019-g3dd9dd1025 (webtiles) character file.

Game seed: 14073350908887819024

14419 BinkBink the Grappler (level 11, -11/111 HPs)
             Began as a Troll Fighter on Nov 17, 2023.
             Was the Champion of Okawaru.
             Mangled by a death yak (26 damage)
             ... on level 11 of the Dungeon.
             The game lasted 00:14:21 (8162 turns).

BinkBink the Grappler (Troll Fighter)               Turns: 8162, Time: 00:14:21

Health: -11/111    AC: 13    Str: 30    XL:     11   Next: 88%
Magic:  9/10       EV: 10    Int:  4    God:    Okawaru [******]
Gold:   119        SH: 10    Dex:  9    Spells: 10/10 levels left

rFire   + .          .
                       - Unarmed
rCold   . . .        b - +0 kite shield
rNeg    + . .        H - quicksilver dragon scales of Gallantry {Harm +Inv Will+}
rPois   .            (helmet restricted)
rElec   .            (no cloak)
rCorr   +            (gloves unavailable)
SInv    .            (boots unavailable)
Will    +....        n - amulet of faith Stlth
                     o - ring of resist corrosion
HPRegen 1.18/turn    D - ring of positive energy
MPRegen 0.12/turn

%: harm (+30% outgoing, +20% incoming), faith
@: no status effects
A: large, unfitting armour, claws 3, regeneration 1, shaggy fur 1, tough skin 1,
horns 2, fire resistance 1, MP-powered wands
a: Renounce Religion, Evoke Invisibility, Heroism, Finesse, Duel


You were on level 11 of the Dungeon.
You worshipped Okawaru.
Okawaru was exalted by your worship.
You visited 1 branch of the dungeon, and saw 11 of its levels.

You collected 457 gold pieces.
You spent 338 gold pieces at shops.

Inventory:

Missiles
 l - 4 boomerangs
 s - 7 throwing nets
Armour
 b - a +0 kite shield (worn)
 H - the quicksilver dragon scales of Gallantry (worn) {Harm +Inv Will+}
   (Okawaru gifted it to you on level 9 of the Dungeon)

   Will+:     It increases your willpower.
   +Inv:      It lets you turn invisible.
   Harm:      It increases damage dealt and taken.
Jewellery
 n - an amulet of faith (around neck)
 o - a ring of resist corrosion (left claw)
 D - a ring of positive energy (right claw)
Wands
 y - a wand of roots (11)
 A - a wand of paralysis (3)
Scrolls
 a - a scroll of enchant weapon {unknown}
 d - 9 scrolls of teleportation {unknown}
 e - 10 scrolls of identify {unknown}
 f - 3 scrolls of blinking {unknown}
 h - 2 scrolls of acquirement {unknown}
 i - 2 scrolls of butterflies {unknown}
 p - a scroll of amnesia {unknown}
 t - 2 scrolls of poison {unknown}
 u - 3 scrolls of revelation {unknown}
 v - a scroll of enchant armour {unknown}
 w - a scroll of immolation {unknown}
 x - a scroll of noise {unknown}
 E - a scroll of fear {unknown}
 G - a scroll of torment {unknown}
Potions
 c - 2 potions of might
 g - 2 potions of mutation
 j - 2 potions of enlightenment {unknown}
 k - 2 potions of cancellation
 m - 6 potions of curing
 q - 2 potions of degeneration {unknown}
 r - 3 potions of brilliance {unknown}
 z - 3 potions of haste {unknown}
 B - a potion of attraction {unknown}


   Skills:
 + Level 8.2 Fighting
 + Level 4.9 Armour
 + Level 8.2 Dodging
 + Level 9.0 Shields
 + Level 9.6 Unarmed Combat


You had 10 spell levels left.
You didn't know any spells.
Your spell library contained the following spells:

 Spells                   Type           Power      Damage    Failure   Level
 Inner Flame              Hex/Fire       0%         N/A       98%         3
 Ozocubu's Armour         Ice            0%         N/A       98%         3
 Flame Wave               Conj/Fire      0%         2d4       100%        4
 Sticky Flame             Conj/Fire      0%         2d3       100%        4
 Metabolic Englaciation   Hex/Ice        0%         N/A       100%        5
 Simulacrum               Ice/Necr       Unusable   N/A       N/A         6

Dungeon Overview and Level Annotations

Branches:
Dungeon (11/15)            Temple (0/1) D:6             Orc (0/2) D:9
   Lair: D:8-11

Altars:
Hepliaklqana
Makhleb
Nemelex Xobeh
Okawaru
Qazlal
Sif Muna
Vehumet
Zin
The Shining One

Shops:
D:5 *   D:6 [   D:9 !

Annotations:
D:3 1 runed translucent door, Ivernyr's ghost, amateur FoFi
D:6 2 transporters, 1 runed translucent door, semem's ghost, novice HuFi


Innate Abilities, Weirdness & Mutations

You are too large for most types of armour.
You have claws for hands.
Your natural rate of healing is unusually fast.
You are covered in fur. (AC +1)
You have tough skin. (AC +1)
You have a pair of horns on your head.
Your flesh is heat resistant. (rF+)
You expend magic power (3 MP) to strengthen your wands.


Message History

You headbutt the death yak, but do no damage.
The death yak is moderately wounded.
You completely miss the death yak. You headbutt the death yak!!
The death yak is heavily wounded.
The death yak gores you.
* * * LOW HITPOINT WARNING * * *
You mangle the death yak!!
The death yak is almost dead.
The death yak gores you!
* * * LOW HITPOINT WARNING * * *
You feel much better. The death yak misses you.
You mangle the death yak!!
You kill the death yak!
Okawaru is honoured by your kill.
Your base Shields skill increases to level 9!
You claw the death yak!
The death yak is lightly wounded.
You claw the death yak!
You headbutt the death yak, but do no damage.
The death yak is moderately wounded.
The death yak gores you!
* * * LOW HITPOINT WARNING * * *
You scratch the death yak. You headbutt the death yak!!
The death yak is severely wounded.
The death yak gores you!
* * * LOW HITPOINT WARNING * * *
You mangle the death yak!!
You headbutt the death yak, but do no damage.
The death yak is almost dead.
You block the death yak's attack.
You mangle the death yak!!
You kill the death yak!
Okawaru is honoured by your kill.
You eviscerate the death yak!!! Your headbutt misses the death yak.
The death yak is severely wounded.
You feel like a meek peon again.
You claw the death yak!
The death yak is almost dead.
The death yak gores you!!
You die...

.. #.# ....#####.#
......^...#
...##....# ##
#.W.Y...# ..
..#.......# .#
.........Y########..#
#......<...YY@......#
#####################


You could see a death yak and 2 yaks.

Vanquished Creatures
  A two-headed ogre (D:10)
  4 death yaks (D:11)
  Joseph (D:10)
  4 molten gargoyles (D:9)
  Maggie (D:7)
  Jeremiah (D:7)
  2 trolls
  3 hornets
  2 shadows
  2 wyverns (D:9)
  23 yaks
  2 steam dragons
  2 water moccasins
  An orc warrior (D:9)
  3 black bears
  2 ice beasts (D:8)
  3 sky beasts
  A wolf (D:9)
  2 ogres (D:6)
  3 centaurs
  2 phantoms (D:6)
  5 bullfrogs
  A kobold brigand (D:10)
  3 gnoll sergeants
  3 scorpions
  10 wights
  3 killer bees
  A howler monkey (D:5)
  7 hounds
  4 gnoll boudas
  5 orc priests
  4 jellies
  3 sleepcaps
  3 iguanas
  5 orc wizards
  19 gnolls
  10 adders
  3 white imps
  2 ufetubi (D:6)
  3 worms (D:2)
  2 dart slugs
  27 orcs
  13 endoplasms
  3 giant cockroaches
  8 goblins
  13 hobgoblins
  A jackal (D:9)
  11 kobolds
  2 quokkas (D:1)
  8 ball pythons
  7 bats
  3 frilled lizards
  4 rats
261 creatures vanquished.

Notes
Turn   | Place    | Note
-------+----------+-------------------------------------------
     0 | D:1      | BinkBink the Troll Fighter began the quest for the Orb.
     0 | D:1      | Reached XP level 1. HP: 22/22 MP: 0/0
   101 | D:1      | Reached XP level 2. HP: 29/29 MP: 1/1
   162 | D:1      | Found a faded altar of an unknown god.
   424 | D:1      | Reached XP level 3. HP: 36/36 MP: 2/2
   759 | D:2      | Reached XP level 4. HP: 44/44 MP: 3/3
  1263 | D:3      | Found a shimmering blue altar of Sif Muna.
  1581 | D:3      | Reached XP level 5. HP: 53/53 MP: 4/4
  1631 | D:3      | Found a runed translucent door.
  1631 | D:3      | Noticed Ivernyr's ghost (amateur FoFi)
  1810 | D:4      | Noticed a black bear
  1817 | D:4      | Killed a black bear
  1967 | D:4      | Reached XP level 6. HP: 61/61 MP: 5/5
  1977 | D:4      | Identified the +7 sling "Amaiqod" {heavy, rN+ Dex+4 Stlth+}
  2140 | D:4      | Identified the +8 trident of the Messenger {holy, Fly
                  | rPois}
  2236 | D:4      | Found an iron altar of Okawaru.
  2392 | D:4      | Became a worshipper of Warmaster Okawaru
  2458 | D:5      | Entered Level 5 of the Dungeon
  2459 | D:5      | Found Runwofetre's Retail Resort.
  2515 | D:5      | Reached XP level 7. HP: 56/68 MP: 6/6
  2614 | D:5      | Found a glowing golden altar of the Shining One.
  2614 | D:5      | Found a radiant altar of Vehumet.
  3290 | D:6      | Reached * piety under Okawaru
  3381 | D:6      | Noticed a hornet
  3390 | D:6      | Paralysed by a hornet for 2 turns
  3393 | D:6      | Killed a hornet
  3393 | D:6      | Reached ** piety under Okawaru
  3394 | D:6      | Reached skill level 5 in Shields
  3394 | D:6      | Reached skill level 5 in Unarmed Combat
  3394 | D:6      | Reached XP level 8. HP: 31/79 MP: 7/7
  3399 | D:6      | Gained mutation: Your flesh is heat resistant. (rF+)
                  | [potion of mutation]
  3399 | D:6      | Gained mutation: You expend magic power (3 MP) to
                  | strengthen your wands. [potion of mutation]
  3399 | D:6      | Gained mutation: You have a pair of small horns on your
                  | head. [potion of mutation]
  3399 | D:6      | Gained mutation: You have a pair of horns on your head.
                  | [potion of mutation]
  3508 | D:6      | Found a transporter.
  3512 | D:6      | Reached skill level 5 in Fighting
  3512 | D:6      | Reached skill level 5 in Dodging
  3544 | D:6      | Found a runed translucent door.
  3544 | D:6      | Noticed semem's ghost (novice HuFi)
  3776 | D:6      | Reached *** piety under Okawaru
  3821 | D:6      | Found a transporter.
  3823 | D:6      | Found Caunn's Armour Emporium.
  3983 | D:6      | Found a staircase to the Ecumenical Temple.
  4109 | D:7      | Noticed Jeremiah
  4135 | D:7      | Reached XP level 9. HP: 86/88 MP: 8/8
  4171 | D:7      | Killed Jeremiah
  4250 | D:7      | Noticed Maggie
  4262 | D:7      | Killed Maggie
  4262 | D:7      | Reached **** piety under Okawaru
  4314 | D:7      | You fall into a shaft and drop 2 floors!
  4314 | D:9      | Found a staircase to the Orcish Mines.
  4330 | D:9      | Noticed a blizzard demon
  4331 | D:9      | Found a burning altar of Makhleb.
  4392 | D:9      | Reached ***** piety under Okawaru
  4794 | D:7      | Reached skill level 1 in Armour
  4794 | D:7      | Reached XP level 10. HP: 89/100 MP: 9/9
  5714 | D:8      | Received a gift from Okawaru
  6008 | D:9      | Reached ****** piety under Okawaru
  6066 | D:9      | Acquired a +1 morningstar of protection
  6066 | D:9      | Received a gift from Okawaru
  6067 | D:9      | Acquired the quicksilver dragon scales of Gallantry {Harm
                  | +Inv Will+}
  6067 | D:9      | Received a gift from Okawaru
  6173 | D:9      | Found Bamevoghau's Distillery.
  6182 | D:9      | Bought a potion of heal wounds for 65 gold pieces
  6182 | D:9      | Bought a potion of heal wounds for 65 gold pieces
  6182 | D:9      | Bought 2 potions of cancellation for 208 gold pieces
  6301 | D:9      | Received a gift from Okawaru
  6330 | D:9      | Found a glowing silver altar of Zin.
  6331 | D:9      | Noticed an angel
  6450 | D:9      | Noticed a molten gargoyle
  6452 | D:9      | Noticed a molten gargoyle
  6453 | D:9      | Noticed a molten gargoyle
  6455 | D:9      | Killed a molten gargoyle
  6455 | D:9      | Noticed a molten gargoyle
  6459 | D:9      | Killed a molten gargoyle
  6460 | D:9      | Reached XP level 11. HP: 28/109 MP: 10/10
  6461 | D:9      | Received a gift from Okawaru
  6837 | D:9      | Found a stormy altar of Qazlal.
  6868 | D:9      | Found a sparkling altar of Nemelex Xobeh.
  7001 | D:10     | Entered Level 10 of the Dungeon
  7203 | D:10     | Noticed a two-headed ogre
  7216 | D:10     | Killed a two-headed ogre
  7272 | D:10     | Found a hazy altar of Hepliaklqana.
  7425 | D:10     | Noticed Joseph
  7435 | D:10     | Received a gift from Okawaru
  7441 | D:10     | Killed Joseph
  8117 | D:11     | Noticed a death yak
  8132 | D:11     | Noticed a death yak
  8133 | D:11     | Killed a death yak
  8135 | D:11     | Noticed a death yak
  8136 | D:11     | Noticed a death yak
  8143 | D:11     | Noticed a death yak
  8143 | D:11     | Killed a death yak
  8143 | D:11     | Received a gift from Okawaru
  8155 | D:11     | Killed a death yak
  8160 | D:11     | Killed a death yak
  8162 | D:11     | Mangled by a death yak

Illustrated notes

Levels and vault maps discovered:
D:1:      roderic_chinese_lattice_arrival, layout_rooms,
          hellmonk_ecumenical_altar_run_dry, minmay_surrounded
D:2:      layout_basic
D:3:      layout_rooms, lemuel_blue_sif_altar, gammafunk_ghost_grave
D:4:      layout_basic, hellmonk_okawaru_the_only_friend_you_need, minivault_26
D:5:      layout_basic, mainiacjoe_overflow_divided_tiny, st_stairs_2,
          amcnicky_mini_rare_corridor_liquid, nicolae_alphabet_shops,
          hangedman_abyss_or_decor_passed, hangedman_decor_growths
D:6:      nicolae_cairo_tiling, layout_rooms, lemuel_temple_firewalk_b,
          hellmonk_ghost_happy_afterlife, serial_shops, nicolae_shop_drivethru
D:7:      layout_loops_ring, uniq_jeremiah, uniq_maggie
D:8:      layout_gridville
D:9:      hellmonk_ruined_rings, layout_cave_pods,
          grunt_temple_overflow_order_and_chaos_2,
          mainiacjoe_overflow_two_lobes, orc_0_dummy, serial_gnoll_camp,
          gnoll_camp_mini_basic, gnoll_camp_medium_02, gnoll_camp_mini_hut,
          gnoll_camp_mini_shop, gnoll_camp_mini_hut, minivault_8
D:10:     layout_basic, mainiacjoe_overflow_six_doors_small, uniq_joseph
D:11:     minmay_firetagon, layout_stronghold, dpeg_lair_monsters

Skill      XL: |  1  2  3  4  5  6  7  8  9 10 11 |
---------------+----------------------------------+-----
Shields        | 3 4 5 6 7 8 9 |  9.0
Fighting       | 3 4 5 6 7 8 |  8.2
Dodging        | 3 4 5 6 7 8 |  8.2
Unarmed Combat | 3 4 5 6 7 8 9 |  9.6
Armour         | 1 3 4 |  4.9

Action                     |  1- 3 |  4- 6 |  7- 9 | 10-12 || total
---------------------------+-------+-------+-------+-------++-------
  Melee: Unarmed           |    89 |   166 |   244 |   301 ||   800
         Headbutt          |       |       |    27 |    62 ||    89
 Invoke: Receive Weapon    |       |       |       |     1 ||     1
         Receive Armour    |       |       |       |     1 ||     1
         Heroism           |       |       |       |     1 ||     1
    Use: Potion            |       |       |     2 |     4 ||     6
   Stab: Sleeping          |     1 |       |       |       ||     1
 Armour: Robe              |    27 |    93 |   108 |       ||   228
         Swamp dragon scal |       |       |    49 |    69 ||   118
         Quicksilver drago |       |       |       |    83 ||    83
  Dodge: Dodged            |    30 |    59 |    85 |    84 ||   258
  Block: Kite shield       |    26 |    79 |    99 |   114 ||   318

Table legend: (Time is in decaauts)
 A = Elapsed time spent in this place.
 B = Non-inter-level travel time spent in this place.
 C = Inter-level travel time spent in this place.
 D = Time resting spent in this place.
 E = Time spent auto-exploring this place.
 F = Levels seen in this place.
 G = Mean time per level.
                   A        B        C        D        E       F      G
               +--------+--------+--------+--------+--------+-----+--------+
         Total |   8153 |   7822 |    331 |    339 |   5771 |  11 |  741.2 |
       Dungeon |   8153 |   7822 |    331 |    339 |   5771 |  11 |  741.2 |
               +--------+--------+--------+--------+--------+-----+--------+

Top non-repeatable levels by time:
     D:9: 1260 daAuts
    D:10: 1108 daAuts
     D:7: 887 daAuts
     D:5: 830 daAuts
     D:6: 786 daAuts
     D:8: 765 daAuts
     D:3: 723 daAuts
     D:4: 667 daAuts
     D:2: 585 daAuts
     D:1: 497 daAuts
    D:11: 40 daAuts
